 Dungeon Crawl Stone Soup version 0.22.1-1-ga44c0e5 (webtiles) character file.

252 Anon1729 the Chopper (level 6, -3/56 HPs)
             Began as a Naga Gladiator on Oct 6, 2018.
             Slain by a sky beast (5 damage)
             ... on level 4 of the Dungeon.
             The game lasted 00:05:12 (3533 turns).

Anon1729 the Chopper (Naga Gladiator)               Turns: 3533, Time: 00:05:16

Health: -3/56      AC:  4    Str: 16    XL:     6   Next: 14%
Magic:  15/15      EV: 10    Int: 10    God:
Gold:   123        SH:  0    Dex: 13    Spells: 5/5 levels left

rFire    . . .     SeeInvis +   a - +0 war axe
rCold    . . .     Gourm    .   (no shield)
rNeg     . . .     Faith    .   b - +0 leather armour
rPois    +         Spirit   .   c - +0 helmet
rElec    .         Reflect  .   (no cloak)
rCorr    .         Harm     .   (no gloves)
MR       .....                  (no barding)
Stlth    +.........             (no amulet)
HPRegen  0.18/turn              (no ring)
MPRegen  0.14/turn              n - ring of magical power

@: about to teleport, short of breath, very slow
A: large, see invisible, deformed body, poison resistance, slowness 2, slow
metabolism 1, spit poison 1, AC +2
a: Spit Poison


You were on level 4 of the Dungeon.
You were not hungry.

You visited 1 branch of the dungeon, and saw 4 of its levels.

You collected 123 gold pieces.

Inventory:

Hand Weapons
 a - a +0 war axe (weapon)
 p - a +2 flail of holy wrath
Missiles
 d - 3 throwing nets (quivered)
Armour
 b - a +0 leather armour (worn)
 c - a +0 helmet (worn)
Jewellery
 e - an uncursed ring of ice
 n - a ring of magical power (right hand)
Scrolls
 g - 3 scrolls of identify
 h - a scroll of amnesia
 k - 2 scrolls of remove curse
Potions
 i - a potion of heal wounds {unknown}
 l - a potion of curing {unknown}
 m - a potion of haste {unknown}
 q - a potion of cancellation {unknown}
Comestibles
 f - 4 rations
 r - 2 chunks of flesh


   Skills:
 + Level 3.3 Fighting
 * Level 4.8 Axes
 - Level 2.0 Throwing
 + Level 2.0 Armour
 - Level 3.0 Dodging


You had 5 spell levels left.
You didn't know any spells.
Your spell library was empty.

Dungeon Overview and Level Annotations

Branches:
Dungeon (4/15)
 Temple: D:4-7

Altars:
Cheibriados
Elyvilon
Nemelex Xobeh
Trog


Innate Abilities, Weirdness & Mutations

You cannot wear boots.
Your serpentine skin is tough. (AC +2)
You have supernaturally acute eyesight. (SInv)
Armour fits poorly on your strangely shaped body.
Your system is resistant to poisons. (rPois)
You cover ground very slowly.
You have a slow metabolism.
You can spit poison.


Message History

As you read the scroll labeled OZIYSTOUMI, it crumbles to dust.
It is a scroll of identify.
k - 2 scrolls of remove curse
As you read the scroll of identify, it crumbles to dust.
h - a scroll of amnesia
As you read the scroll labeled RIURGHU ZIPT, it crumbles to dust.
The scroll dissolves into smoke.
It was a scroll of fog.
As you read the scroll labeled ZENGYMUDUR, it crumbles to dust.
The creatures around you are filled with an inner flame!
It was a scroll of immolation.
The sky beast hits you.
* * * LOW HITPOINT WARNING * * *
The sky beast shocks you.
* * * LOW HITPOINT WARNING * * *
As you read the scroll labeled QEMUTT VYWU, it crumbles to dust.
You feel strangely unstable.
It was a scroll of teleportation.
The sky beast flickers out of sight for a moment.
The sky beast hits you.
* * * LOW HITPOINT WARNING * * *
The sky beast shocks you.
You die...

##.#
...#
...#
...##
...#
..#
#§#
#Y#
#@#
#§#
#§#
#.#
#.#
#.#
#.#
#.#
#.#


You could see a sky beast (inner flame).

Vanquished Creatures
  An orc priest (D:4)
  3 orc wizards
  2 adders
  3 oozes
  An adder skeleton (D:4)
  4 worms
  A dart slug (D:4)
  2 leopard geckos
  14 orcs
  3 giant cockroaches
  4 hobgoblins
  6 jackals
  5 kobolds
  3 quokkas
  6 bats
  5 frilled lizards
  13 goblins
  2 rats
78 creatures vanquished.

Vanquished Creatures (others)
  A quokka (D:3)
1 creature vanquished.

Grand Total: 79 creatures vanquished

Notes
Turn   | Place    | Note
-------+----------+-------------------------------------------
     0 | D:1      | Anon1729 the Naga Gladiator began the quest for the Orb.
     0 | D:1      | Reached XP level 1. HP: 19/19 MP: 1/1
   489 | D:1      | Reached XP level 2. HP: 19/26 MP: 2/2
   943 | D:2      | Reached XP level 3. HP: 26/32 MP: 3/3
   985 | D:2      | Found a faded altar of an unknown god.
  1474 | D:2      | Reached skill level 1 in Armour
  1740 | D:2      | Reached XP level 4. HP: 40/40 MP: 4/4
  2567 | D:3      | Found a bloodstained altar of Trog.
  2595 | D:3      | Reached skill level 4 in Axes
  2602 | D:3      | Reached XP level 5. HP: 28/48 MP: 5/5
  3085 | D:3      | Found a sparkling altar of Nemelex Xobeh.
  3244 | D:3      | Found a white marble altar of Elyvilon.
  3444 | D:4      | Found a snail-covered altar of Cheibriados.
  3511 | D:4      | Reached XP level 6. HP: 12/56 MP: 6/6
  3524 | D:4      | Noticed a sky beast
  3533 | D:4      | HP: 2/56 [sky beast (3)]
  3533 | D:4      | Slain by a sky beast

Skill      XL: |  1  2  3  4  5 |
---------------+----------------+-----
Throwing       | 2 |  2.0
Armour         | 1 2 |  2.0
Axes           | 4 |  4.8
Dodging        | 3 |  3.0
Fighting       | 3 |  3.3

Action                   |  1- 3 |  4- 6 || total
-------------------------+-------+-------++-------
Melee: War axe           |   131 |   109 ||   240
 Abil: Spit Poison       |     3 |     5 ||     8
  Use: Scroll            |       |     5 ||     5
  Eat: Chunk             |     2 |     5 ||     7
Armor: Leather armour    |    38 |    34 ||    72
Dodge: Dodged            |    94 |    70 ||   164
